AoeStats
← Efthiron

Arabia

503663554Analyzed
1v1 RM · 1mo ago on Sep 1, 2026· 26m 50s· 2 players
Game mode
Random Map
Map size
Tiny (2 player)
Population
200
Speed
Normal
Resources
Standard
Victory
Conquest
Starting age
Dark Age
Ending age
Imperial Age
RankedLock teamsTeams togetherTeam positionsShared explorationLock speedFull tech treeHidden civsTurbo modeCheats
Victory
Defeat
🇫🇷 Hindustanis · France
1237
+16
🇲🇽 Lithuanians · Mexico
1247
-16
JOK3R_LSR
6:34 Loom
9:29 Feudal Age
10:21 Double-Bit Axe
20:36 Castle Age
18:32 Horse Collar
19:35 Gold Mining
20:02 Bloodlines
21:38 Bow Saw
23:23 Husbandry
24:50 Wheelbarrow
24:58 Heavy Plow
Efthiron
5:45 Loom
9:43 Feudal Age
10:25 Double-Bit Axe
10:26 Horse Collar
16:26 Wheelbarrow
17:08 Gold Mining
17:25 Scale Barding Armor
17:30 Forging
17:31 Bloodlines
22:09 Castle Age
23:03 Bow Saw
22:56 Heavy Plow
26:51 Iron Casting
Connection lost

Rejoining the realm…

Still unreachable

The connection could not be restored.

Session expired

The server has moved on; the page needs a fresh start.